AoeStats
← tetris92

Arena

507106629Analyzed
2v2 RM · 17d ago on Sep 16, 2026· 63m 35s· 4 players
Game mode
Random Map
Map size
Medium (4 player)
Population
200
Speed
Normal
Resources
Standard
Victory
Conquest
Starting age
Dark Age
Ending age
Imperial Age
RankedLock teamsTeams togetherTeam positionsShared explorationLock speedFull tech treeHidden civsTurbo modeCheats
Victory
Defeat
🇩🇪 Britons · Germany
980
+15
🇹🇷 Teutons · Türkiye
934
+17
🇩🇪 Khmer · Germany
970
-17
🇩🇪 Sicilians · Germany
936
-15
GlorioustoRy [75MINGAME]
5:17 Loom
11:58 Feudal Age
16:54 Castle Age
16:03 Double-Bit Axe
19:28 Horse Collar
21:36 Wheelbarrow
22:27 Pikeman
23:42 Scale Mail Armor
25:41 Gold Mining
25:54 Heavy Plow
26:48 Bow Saw
30:38 Imperial Age
29:12 Hand Cart
29:14 Forging
28:37 Crossbowman
29:13 Fletching
29:24 Padded Archer Armor
30:02 Stone Mining
30:23 Gambesons
30:39 Squires
30:37 Bodkin Arrow
30:41 Town Watch
31:49 Ballistics
32:21 Capped Ram
34:17 Two-Man Saw
34:58 Chain Mail Armor
37:11 Chemistry
37:47 Crop Rotation
37:30 Scale Barding Armor
38:01 Iron Casting
37:39 Bloodlines
38:26 Cavalier
39:58 Chain Barding Armor
40:08 Conscription
41:10 Blast Furnace
42:11 Plate Barding Armor
42:23 Paladin
44:36 Plate Mail Armor
44:18 Halberdier
50:18 Ironclad
56:59 Leather Archer Armor
56:32 Arson
58:14 Elite Skirmisher
59:50 Crenellations
Ichhassdelucco
3:44 Loom
11:13 Feudal Age
17:00 Fletching
22:25 Castle Age
25:20 Crossbowman
28:29 Bodkin Arrow
28:36 Horse Collar
28:50 Double-Bit Axe
36:03 Imperial Age
34:18 Wheelbarrow
36:53 Ballistics
36:32 Arbalester
37:14 Bracer
39:14 Chemistry
39:17 Capped Ram
40:37 Padded Archer Armor
45:32 Warwolf
45:53 Conscription
48:40 Leather Archer Armor
52:39 Ring Archer Armor
53:31 Hand Cart
58:38 Light Cavalry
61:12 Scale Barding Armor
63:23 Chain Barding Armor
tetris92
9:24 Feudal Age
10:23 Double-Bit Axe
12:30 Loom
17:57 Castle Age
18:03 Scale Barding Armor
20:42 Bow Saw
20:15 Horse Collar
20:37 Horse Collar
27:04 Wheelbarrow
30:59 Imperial Age
28:41 Gold Mining
31:31 Fletching
34:10 Ballistics
37:34 Chemistry
37:53 Tusk Swords
37:55 Onager
38:53 Siege Engineers
39:35 Light Cavalry
41:09 Hand Cart
42:39 Chain Barding Armor
42:31 Forging
42:37 Hussar
43:28 Bloodlines
43:00 Elite Ballista Elephant
45:23 Heavy Plow
49:11 Tusk Swords
50:07 Husbandry
51:35 Bodkin Arrow
52:16 Plate Barding Armor
55:00 Iron Casting
Grog6520
7:32 Loom
10:38 Feudal Age
11:20 Double-Bit Axe
12:30 Town Watch
13:23 Wheelbarrow
12:43 Horse Collar
16:31 Wheelbarrow
17:43 Fletching
17:59 Scale Mail Armor
24:13 Castle Age
23:20 Forging
26:05 Murder Holes
27:05 Bodkin Arrow
27:28 Bow Saw
28:31 Chain Mail Armor
28:33 Heavy Plow
28:50 Stone Mining
28:56 Gold Mining
31:55 Gold Shaft Mining
31:56 Stone Shaft Mining
34:12 Hand Cart
33:59 Town Patrol
34:07 Town Patrol
34:30 Masonry
34:49 Ballistics
39:24 Imperial Age
37:43 Squires
37:05 Pikeman
40:02 Elite Serjeant
40:54 Bracer
41:25 Plate Mail Armor
41:31 Iron Casting
40:23 Halberdier
41:10 Arrowslits
42:36 Chemistry
41:08 Elite Skirmisher
43:34 Padded Archer Armor
45:18 Conscription
46:27 Hoardings
50:39 Guilds
53:10 Leather Archer Armor
56:04 Blast Furnace
55:47 Siege Engineers
59:49 Coinage
60:23 Capped Ram
Connection lost

Rejoining the realm…

Still unreachable

The connection could not be restored.

Session expired

The server has moved on; the page needs a fresh start.